 Dungeon Crawl Stone Soup version 0.24.0-1-gfbc8707 (webtiles) character file.

Game seed: 16673505618109178574, levelgen mode: deterministic

373749 Lorak the Slayer (level 21, -9/212 HPs)
             Began as a Minotaur Gladiator on Oct 26, 2019.
             Was the Champion of Yredelemnul.
             Killed from afar by a quicksilver dragon (26 damage)
             ... with a bolt of dispelling energy
             ... on level 4 of the Depths.
             The game lasted 03:49:06 (48796 turns).

Lorak the Slayer (Minotaur Gladiator)              Turns: 48796, Time: 03:49:07

Health: -9/212     AC: 42    Str: 27    XL:     21   Next: 75%
Magic:  31/31      EV:  7    Int: 10    God:    Yredelemnul [******]
Gold:   3365       SH: 23    Dex: 14    Spells: 20/20 levels left

rFire    + + +     SeeInvis .   a - +8 broad axe "Vouqow" {venom, rC++ Int+2 Stlth-}
rCold    + + +     Gourm    .   A - +0 large shield
rNeg     + . .     Faith    .   R - +6 gold dragon scales
rPois    +         Spirit   .   l - +2 hat
rElec    .         Reflect  .   W - +3 cloak of Vexation {rN+}
rCorr    +         Harm     .   U - +3 pair of gauntlets of War {Slay+5}
MR       ++++.     NoTele   +   G - +1 pair of boots
Stlth    ..........             (no amulet)
HPRegen  0.45/turn              K - ring "Derown" {rF++ Stlth+}
MPRegen  0.22/turn              q - ring of Doinkaug {-Tele rPois MR+++ rCorr Str+3}

@: no status effects
A: retaliatory headbutt, horns 2
}: 2/15 runes: barnacled, gossamer
a: Recall Undead Slaves, Injury Mirror, Animate Dead, Drain Life, Enslave Soul,
Renounce Religion


You were on level 4 of the Depths.
You worshipped Yredelemnul.
Yredelemnul was exalted by your worship.
You were not hungry.

You visited 7 branches of the dungeon, and saw 40 of its levels.
You also visited: Gauntlet.

You collected 4245 gold pieces.
You spent 880 gold pieces at shops.

Inventory:

Hand Weapons
 a - the +8 broad axe "Vouqow" (weapon) {venom, rC++ Int+2 Stlth-}
   (You found it on level 9 of the Dungeon)

   It poisons the flesh of those it strikes.
   It affects your intelligence (+2).
   It greatly protects you from cold.
   It makes you less stealthy.
 b - a +1 flail of protection
Missiles
 d - 15 throwing nets (quivered)
Armour
 l - a +2 hat (worn)
 u - a +1 shield of reflection
 A - a +0 large shield (worn)
 E - the +0 pair of gloves of the Unseen Realm {rN+ MR+ Str+3}
   (You found it on level 2 of the Depths)

   It affects your strength (+3).
   It protects you from negative energy.
   It affects your resistance to hostile enchantments.
 G - a +1 pair of boots (worn)
 R - +6 gold dragon scales (worn)
 U - the +3 pair of gauntlets of War (worn) {Slay+5}
   (You found it on level 2 of the Depths)

   It affects your accuracy and damage with ranged weapons and melee attacks
   (+5).
 W - the +3 cloak of Vexation (worn) {rN+}
   (You found it on level 1 of the Depths)

   It protects you from negative energy.
Jewellery
 q - the ring of Doinkaug (right hand) {-Tele rPois MR+++ rCorr Str+3}
   (You bought it in a shop on level 4 of the Depths)

   [ring of resist corrosion]

   It affects your strength (+3).
   It protects you from poison.
   It affects your resistance to hostile enchantments.
   It prevents most forms of teleportation.
   It provides partial protection from all sources of acid and corrosion.
 z - an uncursed ring of positive energy
 K - the ring "Derown" (left hand) {rF++ Stlth+}
   (You found it on level 1 of the Shoals)

   [ring of stealth]

   It greatly protects you from fire.
   It makes you more stealthy.
 M - the ring "Raimaniz" {MR+ Stlth+}
   (You found it on level 8 of the Dungeon)

   [ring of stealth]

   It affects your resistance to hostile enchantments.
   It makes you more stealthy.
 T - an uncursed ring of see invisible
Wands
 k - a wand of iceblast (3)
 s - a wand of acid (24)
 H - a wand of paralysis (51)
 O - a wand of flame (48)
 V - a wand of disintegration (39)
 Y - a wand of enslavement (36)
 Z - a wand of digging (22)
Scrolls
 c - 3 scrolls of magic mapping
 g - 29 scrolls of teleportation
 h - 10 scrolls of identify
 j - 13 scrolls of remove curse
 t - 2 scrolls of brand weapon
 w - 5 scrolls of fog
 y - a scroll of acquirement
 B - 10 scrolls of enchant weapon
 F - 4 scrolls of amnesia
 J - a scroll of fear
 L - 2 scrolls of summoning
 Q - 7 scrolls of blinking
 X - 3 scrolls of silence
Potions
 e - a potion of haste
 i - 16 potions of curing
 m - 9 potions of brilliance
 n - 9 potions of heal wounds
 o - 13 potions of flight
 p - 4 potions of berserk rage
 r - 5 potions of magic
 v - 5 potions of might
 x - 7 potions of mutation
 C - 7 potions of agility
 D - 2 potions of invisibility
 I - 11 potions of lignification
 N - 5 potions of resistance
 P - 2 potions of ambrosia
Comestibles
 f - 28 rations


   Skills:
 * Level 23.4 Fighting
 - Level 18.0 Axes
 - Level 2.3 Throwing
 + Level 17.8 Armour
 - Level 3.5 Dodging
 + Level 17.8 Shields
 + Level 15.2 Invocations
 + Level 13.5 Evocations


You had 20 spell levels left.
You didn't know any spells.
Your spell library contained the following spells:

 Spells                   Type           Power        Failure   Level  Hunger
 Beastly Appendage        Tmut           #.....       100%        1    ##.....
 Corona                   Hex            #......      100%        1    ##.....
 Pain                     Necr           #...         100%        1    ##.....
 Sandblast                Erth           #.....       100%        1    ##.....
 Sting                    Conj/Pois      #...         100%        1    ##.....
 Summon Butterflies       Summ           #.......     100%        1    ##.....
 Passwall                 Tmut/Erth      #.......     100%        2    ###....
 Poisonous Vapours        Pois/Air       #.....       100%        2    ###....
 Slow                     Hex            #.......     100%        2    ###....
 Sticks to Snakes         Tmut           #.......     100%        2    ###....
 Sublimation of Blood     Necr           #.........   100%        2    ###....
 Call Canine Familiar     Summ           #.......     100%        3    ####...
 Conjure Flame            Conj/Fire      #.......     100%        3    ####...
 Ignite Poison            Fire/Tmut/Pois #.......     100%        3    ####...
 Inner Flame              Hex/Fire       #.......     100%        3    ####...
 Mephitic Cloud           Conj/Pois/Air  #.......     100%        3    ####...
 Portal Projectile        Hex/Tloc       #.....       100%        3    ####...
 Regeneration             Chrm/Necr      #.........   100%        3    ####...
 Spider Form              Tmut/Pois      #.........   100%        3    ####...
 Stone Arrow              Conj/Erth      #.....       100%        3    ####...
 Animate Dead             Necr           N/A          100%        4    #####..
 Cause Fear               Hex            #.........   100%        4    #####..
 Ice Form                 Ice/Tmut       #.......     100%        4    #####..
 Leda's Liquefaction      Hex/Erth       #.........   100%        4    #####..
 Olgreb's Toxic Radiance  Pois           #.......     100%        4    #####..
 Petrify                  Tmut/Erth      #.......     100%        4    #####..
 Summon Ice Beast         Ice/Summ       #.......     100%        4    #####..
 Alistair's Intoxication  Tmut/Pois      #.......     100%        5    ######.
 Blade Hands              Tmut           #.........   100%        5    ######.
 Irradiate                Conj/Tmut      #.........   100%        5    ######.
 Lee's Rapid Deconstruct  Erth           #.........   100%        5    ######.
 Summon Mana Viper        Hex/Summ       #.......     100%        5    ######.
 Venom Bolt               Conj/Pois      #.........   100%        5    ######.
 Freezing Cloud           Conj/Ice/Air   #.........   100%        6    #######
 Hydra Form               Tmut           #.........   100%        6    #######
 Simulacrum               Ice/Necr       #.........   100%        6    #######
 Statue Form              Tmut/Erth      #........    100%        6    #######
 Dragon Form              Tmut           #.........   100%        7    #######
 Malign Gateway           Summ/Tloc      #.........   100%        7    #######
 Monstrous Menagerie      Summ           #.........   100%        7    #######
 Ring of Flames           Chrm/Fire      #.........   100%        7    #######
 Summon Greater Demon     Summ           #.........   100%        7    #######
 Summon Hydra             Summ           #.........   100%        7    #######
 Summon Horrible Things   Summ           #.........   100%        8    #######


Dungeon Overview and Level Annotations

Branches:
Dungeon (15/15)            Temple (0/1) D:6            Lair (6/6) D:11
 Shoals (4/4) Lair:4       Spider (4/4) Lair:2        Slime (0/5) Lair:6
    Orc (2/2) D:12            Elf (0/3) Orc:2        Vaults (4/5) D:13
  Crypt (0/3) Vaults:2     Depths (5/5) D:15            Zot (0/5) Depths:5
Gauntlet (visited)

Altars:
Ashenzari
Fedhas
Gozag
Nemelex Xobeh
Okawaru
Ru
Trog
Uskayaw
Vehumet
Wu Jian
Yredelemnul
Zin
The Shining One
Beogh

Shops:
D:4 (   D:5 *   D:7 :   D:10 [:*   D:11 (   D:12 [   D:13 ?   Orc:2 **}(
Shoals:1 *   Shoals:2 }(!![   Shoals:3 :   Vaults:3 ?   Depths:3 !
Depths:4 =[

Portals:
Hell: Depths:1 Depths:2 Depths:3 Depths:4 Depths:5
Abyss: Depths:2 Depths:4
Pandemonium: Orc:2 Depths:3 Depths:4
Ziggurat: Depths:1

Annotations:
Depths:4 3 runed translucent doors, Janeylunn's ghost, veteran GnWn; Polaczum's ghost, adept TrMo


Innate Abilities, Weirdness & Mutations

You reflexively headbutt those who attack you in melee.
You have a pair of horns on your head.


Message History

There is a stone staircase leading up here.
Your yaktaur captain zombie hits the yaktaur!
You climb upwards.
Level annotation: 3 runed translucent doors, Janeylunn's ghost, veteran GnWn; Polaczum's ghost, adept TrMo The yaktaur shouts!
The vampire knight shouts!
The lich shouts!
The storm dragon roars deafeningly!
The deep elf high priest shouts!
A quicksilver dragon and a titan come into view.
You hear a shout!
You hear a deafening roar!
You hear a shout! x2
The deep elf high priest invokes the aid of its god against you.
Something smites you!
* * * LOW HITPOINT WARNING * * *
You block the vampire knight's attack. x2; The storm dragon bites you!
* * * LOW HITPOINT WARNING * * *
The storm dragon claws you but does no damage.
The storm dragon tramples you but does no damage.
A wizard comes into view. It is wielding a +0 dagger.
The quicksilver dragon breathes dispelling energy at you.
The bolt of dispelling energy hits you!!
You die...
Your body rises from the dead as a mindless zombie.

#####################
....(...............#
....)((.............#
....))############..#
......)##..D....@#..#
........##...C.DV#..#
.........##.e....#..#
..........##..L..#ZZ#
..........##.....#..#
.........##.##..c#Z.#
........##.####..#..#
.......##p##..##.#..#
......## ##....###..#


You could see a titan, a storm dragon, a quicksilver dragon, a lich, a vampire
knight, a deep elf high priest, a yaktaur and a wizard.

Vanquished Creatures
  Boris (Vaults:4)
  Margery (Vaults:4)
  A lich (Depths:5)
  A tentacled monstrosity (Depths:4)
  Gastronok (D:11)
  A storm dragon (Depths:5)
  Ilsuiw (Shoals:4)
  A shadow dragon (Depths:2)
  2 tengu reavers
  3 fire giants
  A draconian knight (Depths:5)
  6 vault wardens
  2 emperor scorpions
  Aizul (Spider:3)
  12 very ugly things
  8 ironheart preservers
  7 stone giants
  3 spriggan defenders (Depths:3)
  3 entropy weavers
  A deep elf demonologist (Vaults:4)
  3 black draconians (Depths:5)
  A green draconian (Depths:5)
  2 dire elephants (Lair:6)
  The ghost of Ceyroiss the Quickloader, a journeyman HuWn of Dithmenos (Lair:4)
  A white draconian (Depths:5)
  13 spark wasps
  2 merfolk javelineers
  3 ettins
  3 fire dragons
  3 merfolk impalers
  Josephine (D:14)
  5 jiangshi (Depths:3)
  8 yaktaur captains
  6 great orbs of eyes
  5 rakshasas
  6 ogre magi
  7 hydras
  4 vault guards
  4 ice dragons
  11 centaur warriors
  Harold (Lair:1)
  2 spriggan air magi
  A merfolk aquamancer (Shoals:4)
  The ghost of Strat the Cleaver, a novice DDFi of Makhleb (Lair:1)
  An alligator snapping turtle (Shoals:4)
  4 merfolk avatars
  2 vampire magi
  7 deep troll earth magi
  16 two-headed ogres
  A death knight (Vaults:1)
  5 deep troll shamans
  Urug (D:13)
  The ghost of suduhmizer the Unseen, a journeyman KoBe of Trog (D:9)
  3 death yaks (Lair:6)
  2 tengu warriors
  7 spriggan berserkers
  An orc high priest (Orc:1)
  3 deep elf knights
  A shadow wraith (Vaults:3)
  A skeletal warrior (D:13)
  An iron troll (Depths:3)
  A sixfirhy (Depths:4)
  14 hell knights
  3 deep elf archers
  7 sea snakes
  2 unseen horrors
  9 deep trolls
  5 wizards
  8 ironbrand convokers
  3 glowing orange brains
  Pikel (D:6)
  A tengu zombie (Vaults:4)
  7 orc knights
  A lindwurm (Lair:6)
  16 wolf spiders
  10 deep elf magi
  A wolf spider zombie (D:14)
  4 harpies (Shoals:1)
  2 necromancers
  4 orb spiders
  A fire giant zombie (Vaults:4)
  3 cyclopes
  24 ugly things
  5 fauns
  5 orc sorcerers
  15 slime creatures
  6 manticores
  A merfolk siren (Shoals:2)
  6 elephants
  6 vault sentinels
  3 moths of wrath
  2 black mambas
  2 centaur zombies (D:15)
  2 water nymphs
  2 torpor snails
  5 gargoyles
  6 spiny frogs
  A komodo dragon (shapeshifter) (Vaults:2)
  The ghost of MagicManICT the Vexing, a novice MfEn of Fedhas (D:5)
  2 orange demons (Depths:4)
  A rime drake (shapeshifter) (Depths:5)
  A kobold demonologist (D:15)
  3 demonic crawlers
  6 freezing wraiths
  5 komodo dragons
  44 yaktaurs
  A tormentor (Depths:4)
  An efreet (D:15)
  A hellwing (Orc:2)
  2 meliai (D:14)
  14 jumping spiders
  2 tengu conjurers
  Grinder (D:5)
  13 merfolk
  7 trolls
  A wind drake (shapeshifter) (Depths:2)
  14 blink frogs
  A blink frog (shapeshifter) (Vaults:3)
  10 hornets
  8 dream sheep
  6 snapping turtles
  35 redbacks
  A shadow (D:11)
  9 flying skulls (D:13)
  A frost giant simulacrum (Vaults:2)
  6 hippogriffs
  Sigmund (D:6)
  8 spriggans
  5 wyverns
  A spriggan (shapeshifter) (D:15)
  A water elemental (Depths:1)
  Eustachio (D:5)
  28 yaks
  7 tarantellas
  4 wraiths
  A ynoxinul (Orc:2)
  A wyvern (shapeshifter) (Depths:2)
  5 humans (D:13)
  A hungry ghost (Shoals:3)
  A basilisk (Lair:1)
  4 vampire mosquitoes
  Edmund (D:5)
  2 acid dragons
  A soldier ant (shapeshifter) (Vaults:3)
  4 wargs
  5 soldier ants (Spider:3)
  5 porcupines
  11 water moccasins
  3 black bears
  A black bear (shapeshifter) (Vaults:1)
  3 ice beasts
  41 orc warriors
  A phantom (D:8)
  A necrophage (D:11)
  7 boggarts
  8 wolves
  18 ogres
  15 centaurs
  11 crocodiles
  3 big kobolds
  3 gnoll sergeants
  7 bullfrogs
  A wyvern zombie (D:11)
  A wyvern skeleton (D:14)
  A water moccasin skeleton (D:10)
  6 scorpions
  7 killer bees
  7 howler monkeys
  6 wights
  2 electric eels (Lair:1)
  7 crimson imps
  2 bullfrog zombies
  4 hounds
  2 jellies (D:8)
  25 orc priests
  A bullfrog skeleton (D:5)
  3 centaur skeletons
  An iguana (D:4)
  2 iron imps (Depths:4)
  Jessica (D:3)
  13 orc wizards
  10 worker ants
  A hound skeleton (D:7)
  A howler monkey zombie (D:5)
  8 gnolls
  2 howler monkey skeletons
  9 adders
  8 shadow imps
  A white imp (Depths:1)
  2 ufetubi (Depths:4)
  An ooze (D:1)
  An adder zombie (D:6)
  An orc zombie (D:5)
  An adder skeleton (D:6)
  2 worms (D:3)
  2 dart slugs
  3 leopard geckos
  81 orcs
  5 giant cockroaches
  5 goblins
  5 hobgoblins
  7 kobolds
  A ball python (D:7)
  6 bats
  4 frilled lizards
  A leopard gecko skeleton (D:8)
  2 leopard gecko zombies
  3 rats (D:1)
  A butterfly (D:6)
  4 fungi
  7 plants
1096 creatures vanquished.

Vanquished Creatures (collateral kills)
  A golden dragon (Depths:5)
  Nikola (Vaults:2)
  the Enchantress (Depths:3)
  A lich (Vaults:2)
  Roxanne (Shoals:1)
  A tengu reaver (Depths:2)
  The ghost of Honosyedgha the Warrior, an adept GrBe of Trog (Spider:3)
  A storm dragon (Depths:5)
  4 frost giants
  4 ghost moths
  2 fire giants
  An orc warlord (Vaults:2)
  An iron dragon (Depths:4)
  5 emperor scorpions
  11 very ugly things
  3 ironheart preservers
  6 stone giants
  4 entropy weavers
  A juggernaut skeleton (Depths:3)
  A vampire knight (Depths:4)
  A yellow draconian (Depths:5)
  A green draconian (Depths:5)
  A deep elf annihilator (Vaults:2)
  A black draconian (Depths:5)
  4 spark wasps
  10 merfolk impalers
  3 ettins
  A deep elf death mage (Depths:2)
  3 fire dragons
  A jiangshi (Depths:3)
  A deep elf high priest (Depths:3)
  9 yaktaur captains
  2 great orbs of eyes
  6 rakshasas
  5 vault guards
  3 ice dragons
  2 spriggan air magi (Depths:3)
  A catoblepas (Lair:6)
  5 hydras
  9 centaur warriors
  7 ogre magi
  The ghost of Dazliare the Cleaver, a novice MiWr of Okawaru (D:8)
  5 merfolk aquamancers
  10 two-headed ogres
  A death knight (D:14)
  2 merfolk avatars
  A vampire mage (Depths:2)
  7 tengu warriors
  A satyr (Shoals:4)
  3 deep troll shamans
  6 death yaks (Lair:6)
  3 spriggan berserkers
  A queen ant (Spider:3)
  7 orc high priests
  A soul eater (Orc:2)
  3 deep troll earth magi
  6 deep elf knights
  A storm dragon skeleton (Vaults:4)
  9 hell knights
  An iron troll (Depths:3)
  3 skeletal warriors
  7 deep trolls
  6 sea snakes
  A flayed ghost (Vaults:2)
  A gelid demonspawn (Orc:2)
  A kraken simulacrum (Shoals:4)
  A glowing orange brain (Depths:1)
  An infernal demonspawn (Orc:2)
  An ironbrand convoker (Vaults:1)
  A torturous demonspawn (Orc:2)
  2 wizards
  A harpy (Shoals:4)
  4 deep elf archers
  6 orc knights
  19 orb spiders
  5 necromancers
  19 ugly things
  5 deep elf magi
  19 wolf spiders
  An oklob plant (Lair:2)
  A mana viper (shapeshifter) (Depths:2)
  6 manticores
  6 slime creatures
  10 fauns
  6 orc sorcerers
  4 elephants
  6 merfolk sirens
  5 cyclopes
  A cyclops (shapeshifter) (Depths:2)
  A moth of wrath (Spider:3)
  A fire giant skeleton (Depths:3)
  2 black mambas
  5 vault sentinels
  4 spiny frogs
  3 water nymphs
  A torpor snail (shapeshifter) (Depths:2)
  An orange demon (Orc:2)
  A guardian serpent (shapeshifter) (Vaults:3)
  3 torpor snails
  A centaur skeleton (D:15)
  5 komodo dragons
  A gargoyle (D:10)
  A human zombie (Vaults:4)
  2 komodo dragons (shapeshifter)
  6 demonic crawlers
  26 yaktaurs
  3 freezing wraiths
  A hellwing (Depths:4)
  37 jumping spiders
  A troll (shapeshifter) (Vaults:2)
  2 wind drakes
  9 hornets
  A meliai (D:14)
  2 trolls
  17 merfolk
  A tengu simulacrum (Depths:3)
  4 tengu conjurers
  13 blink frogs
  5 hippogriffs
  3 dream sheep (Lair:6)
  6 snapping turtles
  8 flying skulls (D:13)
  2 shadows
  56 redbacks
  13 yaks
  10 tarantellas
  A vampire (D:13)
  A basilisk (Lair:1)
  A spriggan (shapeshifter) (Vaults:1)
  4 water elementals
  5 wraiths
  3 humans (D:13)
  A yak (shapeshifter) (Vaults:3)
  2 spriggans (Depths:3)
  An elf zombie (Vaults:2)
  A chaos spawn (Orc:2)
  A human simulacrum (Vaults:4)
  6 vampire mosquitoes (D:14)
  Menkaure (D:5)
  19 soldier ants (Spider:3)
  4 water moccasins
  6 porcupines
  29 orc warriors
  A black bear (Lair:6)
  2 hornet zombies
  19 ogres
  6 wolves
  3 boggarts
  6 centaurs
  5 crocodiles
  4 big kobolds
  2 bullfrogs
  A wyvern skeleton (D:14)
  A scorpion (D:11)
  3 wights
  A howler monkey (D:12)
  5 electric eels
  A small abomination (Depths:3)
  3 crimson imps
  2 jellies
  9 orc priests
  10 orc wizards
  An iguana (D:6)
  14 worker ants
  5 gnolls
  A shadow imp (Depths:4)
  49 orcs
  A quokka (D:11)
  7 kobolds
  3 bushes
  29 fungi
  74 plants
  A tentacle (Shoals:4)
958 creatures vanquished.

Vanquished Creatures (others)
  4 profane servitors
  4 bone dragons
  A lich (Depths:2)
  4 ghouls
  A spectral orc (Depths:5)
  6 vampire knights
  4 very ugly thing zombies
  A vault guard (D:13)
  A deep troll earth mage (Depths:2)
  2 vampire magi (Depths:3)
  7 skeletal warriors
  A golden dragon zombie (Depths:5)
  A spark wasp zombie (Depths:4)
  6 flayed ghosts
  5 phantasmal warriors
  A necromancer (Depths:4)
  A wolf spider zombie (Spider:2)
  An ugly thing zombie (D:11)
  A draconian zombie (Depths:5)
  A centaur zombie (Depths:3)
  2 black draconian zombies (Depths:5)
  A sea snake zombie (Shoals:1)
  2 redback zombies (Spider:2)
  A death yak skeleton (Lair:6)
  A ghoul skeleton (Depths:5)
  A demonic crawler zombie (Spider:2)
  A tarantella zombie (Spider:2)
  A fire dragon zombie (Depths:2)
  2 jumping spider zombies
  11 flying skulls
  A redback (Spider:1)
  10 vampires
  A wraith (Lair:6)
  A spriggan skeleton (Depths:3)
  A basilisk (shapeshifter) (Depths:1)
  A faun zombie (Shoals:1)
  2 two-headed ogre zombies (Depths:3)
  3 spiny frog zombies
  An orb spider zombie (Spider:1)
  A spectral ogre (Shoals:1)
  A merfolk skeleton (Lair:6)
  A faun skeleton (Depths:3)
  3 hornet zombies
  2 blink frog zombies (Lair:6)
  A manticore zombie (Depths:3)
  2 slaves (D:7)
  A centaur (D:7)
  A dream sheep zombie (Lair:6)
  A dream sheep skeleton (Lair:6)
  2 blink frog skeletons (Lair:6)
  A vampire mosquito zombie (D:14)
  2 hippogriff zombies (Lair:6)
  A komodo dragon zombie (Lair:6)
  A yaktaur skeleton (Depths:2)
  2 yaktaur zombies (Depths:3)
  A wyvern zombie (D:11)
  A water moccasin zombie (Lair:4)
  2 tengu zombies
  3 yak zombies (Lair:6)
  A troll zombie (Orc:1)
  5 spriggan zombies
  4 wights
  2 yak skeletons
  A wolf zombie (Lair:6)
  4 wolf skeletons (Lair:6)
  4 human skeletons
  An orc priest (Vaults:1)
  2 killer bee zombies (D:9)
  5 ogre zombies
  2 crocodile zombies
  A dwarf skeleton (Lair:6)
  A howler monkey zombie (D:12)
  2 worker ant zombies (Spider:3)
  4 human zombies
  A scorpion zombie (D:4)
  2 adder zombies
  7 orc skeletons
  An orc (D:7)
  A ball python skeleton (D:7)
  A kobold zombie (D:11)
  A leopard gecko zombie (D:10)
  25 orc zombies
  A bush (Lair:6)
  4 demonic plants (Gauntlet)
  78 fungi
  63 plants
  4 tentacles (Shoals:4)
  13 withered plants
368 creatures vanquished.

Grand Total: 2422 creatures vanquished

Notes
Turn   | Place    | Note
-------+----------+-------------------------------------------
     0 | D:1      | Lorak the Minotaur Gladiator began the quest for the Orb.
     0 | D:1      | Reached XP level 1. HP: 18/18 MP: 0/0
   224 | D:1      | Reached XP level 2. HP: 15/25 MP: 1/1
  1214 | D:2      | Found a basalt altar of Yredelemnul.
  1221 | D:2      | Became a worshipper of Yredelemnul the Dark
  1367 | D:2      | Reached XP level 3. HP: 28/30 MP: 2/2
  1752 | D:3      | Reached skill level 5 in Axes
  2000 | D:3      | Noticed Jessica
  2042 | D:3      | Reached XP level 4. HP: 37/37 MP: 3/3
  2090 | D:3      | Noticed a centaur
  2117 | D:3      | Killed a centaur
  2117 | D:3      | Reached XP level 5. HP: 27/44 MP: 1/4
  2536 | D:4      | You fall into a shaft and drop 2 floors!
  2546 | D:6      | Reached * piety under Yredelemnul
  2549 | D:6      | Reached skill level 3 in Fighting
  2709 | D:5      | Entered Level 5 of the Dungeon
  2769 | D:5      | Reached skill level 1 in Armour
  2769 | D:5      | Reached skill level 1 in Shields
  2812 | D:5      | Noticed Menkaure
  3078 | D:6      | Found a staircase to the Ecumenical Temple.
  3163 | D:6      | Reached XP level 6. HP: 43/51 MP: 5/5
  3405 | D:5      | Found Jeniehie's General Store.
  3418 | D:5      | Noticed Edmund
  3573 | D:4      | Found Diwifad's Antique Weapon Boutique.
  3907 | D:4      | Reached skill level 4 in Fighting
  3907 | D:4      | Reached XP level 7. HP: 49/59 MP: 4/6
  4821 | D:5      | Noticed Eustachio
  4878 | D:5      | Killed Eustachio
  4878 | D:5      | Reached skill level 1 in Invocations
  5109 | D:6      | Noticed Sigmund
  5117 | D:6      | Killed Sigmund
  5117 | D:6      | Reached XP level 8. HP: 61/67 MP: 6/8
  5190 | D:6      | Reached skill level 5 in Fighting
  5718 | D:6      | Found an opulent altar of Gozag.
  6064 | D:7      | Noticed a hippogriff
  6069 | D:7      | Killed a hippogriff
  6081 | D:7      | Noticed Pikel
  6094 | D:6      | Reached skill level 10 in Axes
  6113 | D:6      | Killed Pikel
  6113 | D:6      | Reached skill level 6 in Fighting
  6113 | D:6      | Reached skill level 5 in Armour
  6113 | D:6      | Reached skill level 5 in Shields
  6113 | D:6      | Reached XP level 9. HP: 50/75 MP: 3/10
  6250 | D:7      | Reached ** piety under Yredelemnul
  6325 | D:7      | Found Hegy's Book Emporium.
  6840 | D:7      | Found an ornate altar of the Wu Jian Council.
  6847 | D:7      | Found a hide-covered altar of Uskayaw.
  7774 | D:8      | Noticed a two-headed ogre
  8308 | D:8      | Killed a two-headed ogre
  8308 | D:8      | Reached skill level 7 in Fighting
  8330 | D:8      | Found a glowing silver altar of Zin.
  8357 | D:8      | Found a glowing golden altar of the Shining One.
  8357 | D:8      | Found a sacrificial altar of Ru.
  8402 | D:8      | Got a heavily runed copper ring
  8427 | D:8      | Found a radiant altar of Vehumet.
  8429 | D:8      | Identified the ring "Raimaniz" {MR+ Stlth+} (You found it
                  | on level 8 of the Dungeon)
  8665 | D:8      | Found a runed translucent gate.
  8665 | D:8      | Identified the +10 dire flail of Balance {drain, MR+}
  8666 | D:8      | Found a runed translucent gate.
  8667 | D:8      | Found a runed translucent gate.
  8667 | D:8      | Found a roughly hewn altar of Beogh.
  8670 | D:8      | Noticed Dazliare's ghost (novice MiWr)
  8919 | D:9      | Identified the +0 dire flail "Ducog" {venom, MR+ MP+9
                  | Dex+2}
  8919 | D:9      | Identified the +9 dire flail of Xukkozi {pain, Stlth+}
  8919 | D:9      | Noticed a two-headed ogre
  8925 | D:9      | Noticed suduhmizer's ghost (journeyman KoBe)
  8926 | D:9      | Found a transporter.
  8926 | D:9      | Found a transporter.
  8926 | D:9      | Noticed a two-headed ogre
  9091 | D:9      | Found an iron altar of Okawaru.
  9155 | D:9      | Reached XP level 10. HP: 52/86 MP: 5/12
  9289 | D:9      | Noticed a two-headed ogre
  9296 | D:9      | Killed a two-headed ogre
  9296 | D:9      | Reached *** piety under Yredelemnul
  9296 | D:9      | Reached skill level 1 in Evocations
  9643 | D:9      | Found a sparkling altar of Nemelex Xobeh.
  9713 | D:10     | Entered Level 10 of the Dungeon
  9826 | D:10     | Killed an unseen horror
  9826 | D:10     | Reached skill level 8 in Fighting
  9826 | D:10     | Reached skill level 5 in Invocations
 10083 | D:10     | Received a gift from Yredelemnul (a wight)
 10120 | D:10     | Found Iniollemn's Book Boutique.
 10193 | D:10     | Found Wulubba's Antique Armour Shop.
 10426 | D:10     | Found Arizusoa's General Store.
 10428 | D:10     | Noticed a gargoyle
 10434 | D:10     | Killed a gargoyle
 10462 | D:11     | Noticed a brown ugly thing
 10472 | D:11     | Killed a brown ugly thing
 10510 | D:11     | Noticed a cyclops
 10521 | D:11     | Killed a cyclops
 10534 | D:11     | Reached skill level 9 in Fighting
 10537 | D:11     | Found Majy's Weapon Shoppe.
 10718 | D:11     | Reached XP level 11. HP: 71/97 MP: 14/14
 10758 | D:11     | Noticed a brown ugly thing
 10767 | D:11     | Killed a brown ugly thing
 10773 | D:11     | Reached **** piety under Yredelemnul
 10981 | D:11     | Received a gift from Yredelemnul (2 flying skulls)
 11060 | D:11     | Found a staircase to the Lair.
 11090 | D:11     | Noticed a two-headed ogre
 11100 | D:11     | Killed a two-headed ogre
 11249 | D:11     | Received a gift from Yredelemnul (a wight)
 11386 | D:12     | Noticed a two-headed ogre
 11401 | D:12     | Killed a two-headed ogre
 11492 | Lair:1   | Entered Level 1 of the Lair of Beasts
 11497 | Lair:1   | Noticed Gastronok
 11758 | D:11     | Killed Gastronok
 11758 | D:11     | Reached skill level 10 in Fighting
 11887 | Lair:1   | Noticed Harold
 11915 | Lair:1   | Killed Harold
 11966 | Lair:1   | Found a runed translucent door.
 11972 | Lair:1   | Noticed Strat's ghost (novice DDFi)
 12807 | Lair:2   | Found a hole to the Spider Nest.
 13028 | Lair:2   | Reached XP level 12. HP: 108/108 MP: 15/15
 13071 | Lair:2   | Reached skill level 11 in Fighting
 13072 | Lair:2   | Reached ***** piety under Yredelemnul
 13779 | Lair:3   | Got a scorched hat
 13781 | Lair:3   | Found a glowing golden altar of the Shining One.
 13802 | Lair:3   | Identified the +1 hat of the Sun {+Fly rC+ Str-5} (You
                  | found it on level 3 of the Lair of Beasts)
 14258 | Lair:3   | Found a runed translucent door.
 14259 | Lair:3   | Noticed a six-headed hydra
 14471 | Lair:4   | Received a gift from Yredelemnul (a wight)
 14523 | Lair:4   | Reached skill level 5 in Evocations
 14710 | Lair:4   | Found a runed translucent door.
 14710 | Lair:4   | Noticed Ceyroiss's ghost (journeyman HuWn)
 14873 | Lair:4   | Reached skill level 12 in Fighting
 15156 | Lair:4   | Found a staircase to the Shoals.
 15367 | Lair:5   | Noticed a five-headed hydra
 15689 | D:3      | Killed Jessica
 15730 | D:5      | Your ally Eustachio died
 15734 | D:5      | Killed Edmund
 15774 | D:5      | Noticed Grinder
 15783 | D:5      | Killed Grinder
 15854 | D:5      | Found a runed translucent gate.
 15854 | D:5      | Found a runed translucent gate.
 15854 | D:5      | Found a runed translucent gate.
 15854 | D:5      | Noticed MagicManICT's ghost (novice MfEn)
 15919 | D:5      | Killed MagicManICT's ghost
 15919 | D:5      | Received a gift from Yredelemnul (a vampire)
 16123 | D:5      | Killed Menkaure
 16296 | D:8      | Killed Dazliare's ghost
 16605 | D:9      | Killed a two-headed ogre
 16607 | D:9      | Killed a two-headed ogre
 16607 | D:9      | Reached XP level 13. HP: 79/119 MP: 12/17
 16608 | D:9      | Killed suduhmizer's ghost
 16614 | D:9      | Got an ichor-stained broad axe
 16615 | D:9      | Identified the +8 broad axe "Vouqow" {venom, rC++ Int+2
                  | Stlth-} (You found it on level 9 of the Dungeon)
 17050 | Lair:5   | Received a gift from Yredelemnul (a wraith)
 17560 | Lair:6   | Entered Level 6 of the Lair of Beasts
 17683 | Lair:6   | Reached skill level 15 in Axes
 17693 | Lair:6   | Received a gift from Yredelemnul (a wight)
 17702 | Lair:6   | Reached skill level 10 in Armour
 17702 | Lair:6   | Reached skill level 10 in Shields
 17731 | Lair:6   | Reached skill level 13 in Fighting
 17731 | Lair:6   | Received a gift from Yredelemnul (5 flying skulls)
 18170 | Lair:6   | Noticed a dire elephant
 18191 | Lair:6   | Killed a dire elephant
 18527 | Lair:6   | Found a staircase to the Slime Pits.
 18542 | Lair:6   | Received a gift from Yredelemnul (4 flying skulls)
 18556 | Lair:6   | Reached XP level 14. HP: 128/130 MP: 16/19
 19406 | Lair:6   | Reached skill level 14 in Fighting
 19588 | Lair:6   | Reached ****** piety under Yredelemnul
 19813 | Lair:4   | Killed Ceyroiss's ghost
 20056 | Lair:3   | Received a gift from Yredelemnul (a vampire)
 20059 | Lair:3   | Identified Kikubaaqudgha's Compendium of Dark Rituals
 20190 | Lair:1   | Killed Strat's ghost
 20382 | D:12     | Received a gift from Yredelemnul (a skeletal warrior)
 20451 | D:12     | Found a staircase to the Orcish Mines.
 20473 | D:12     | Received a gift from Yredelemnul (a phantasmal warrior)
 20675 | D:12     | Found Oddat's Armour Boutique.
 20824 | Orc:1    | Entered Level 1 of the Orcish Mines
 20872 | Orc:1    | Received a gift from Yredelemnul (a skeletal warrior)
 21252 | Orc:1    | Received a gift from Yredelemnul (a vampire knight)
 21290 | Orc:1    | Received a gift from Yredelemnul (a vampire)
 21403 | Orc:1    | Found a bloodstained altar of Trog.
 21538 | Orc:2    | Entered Level 2 of the Orcish Mines
 21544 | Orc:2    | Noticed Erolcha
 21554 | Orc:2    | Killed Erolcha
 21554 | Orc:2    | Enslaved Erolcha
 21632 | Orc:2    | Found a gate leading to a gauntlet.
 21670 | Gauntlet | Entered a Gauntlet
 21670 | Gauntlet | Found a transporter.
 21670 | Gauntlet | Found a transporter.
 21683 | Gauntlet | Found a transporter.
 21683 | Gauntlet | Found a transporter.
 21685 | Gauntlet | Found a large runed translucent door.
 21686 | Gauntlet | Found a large runed translucent door.
 21687 | Gauntlet | Found a large runed translucent door.
 21687 | Gauntlet | Found a large runed translucent door.
 21687 | Gauntlet | Found a runed translucent door.
 21688 | Gauntlet | Found a large runed translucent door.
 21692 | Gauntlet | Found a large runed translucent door.
 21693 | Gauntlet | Found a large runed translucent door.
 21694 | Gauntlet | Found a large runed translucent door.
 21695 | Gauntlet | Found a runed translucent gate.
 21697 | Gauntlet | Found a transporter.
 21701 | Gauntlet | Found a transporter.
 21715 | Gauntlet | Found a transporter.
 21794 | Gauntlet | Found a transporter.
 21796 | Gauntlet | Found a transporter.
 21798 | Gauntlet | Found a runed translucent door.
 21800 | Gauntlet | Found a large runed translucent door.
 21800 | Gauntlet | Found a large runed translucent door.
 21800 | Gauntlet | Found a large runed translucent door.
 21800 | Gauntlet | Found a large runed translucent door.
 21802 | Gauntlet | Found a runed translucent gate.
 21802 | Gauntlet | Found a runed translucent gate.
 21804 | Gauntlet | Found a transporter.
 21808 | Gauntlet | Found a transporter.
 21818 | Gauntlet | Found a transporter.
 21849 | Gauntlet | Found a large runed translucent door.
 21849 | Gauntlet | Found a large runed translucent door.
 21852 | Gauntlet | Found a large runed translucent door.
 21852 | Gauntlet | Found a large runed translucent door.
 22001 | Orc:2    | Found a staircase to the Elven Halls.
 22070 | Orc:2    | Received a gift from Yredelemnul (a ghoul)
 22110 | Orc:2    | Found Ebbekero's General Store.
 22117 | Orc:2    | Found Izihiumye's General Store.
 22486 | Orc:2    | Received a gift from Yredelemnul (a bone dragon)
 22533 | Orc:2    | Received a gift from Yredelemnul (a vampire)
 22584 | Orc:2    | Reached skill level 15 in Fighting
 22924 | Orc:2    | Found Pojehabbuzo's Antique Weapon Boutique.
 22924 | Orc:2    | Found Dusitel's Gadget Shop.
 22927 | Orc:2    | Found a one-way gate leading to the halls of Pandemonium.
 23579 | D:13     | Noticed Urug
 23587 | D:13     | Killed Urug
 23610 | D:13     | Found Royllios's Magic Scroll Shop.
 23672 | D:13     | Reached XP level 15. HP: 141/141 MP: 5/21
 23796 | D:13     | Received a gift from Yredelemnul (a phantasmal warrior)
 23929 | D:13     | Found the +3 giant club "Skullcrusher" {speed, Str+7}
 24256 | D:13     | Found a gate to the Vaults.
 24552 | D:14     | Received a gift from Yredelemnul (a profane servitor)
 24571 | D:14     | Noticed Josephine
 24582 | D:14     | Killed Josephine
 24933 | D:14     | Reached skill level 10 in Invocations
 25267 | D:15     | Entered Level 15 of the Dungeon
 25357 | D:15     | Received a gift from Yredelemnul (a skeletal warrior)
 25419 | D:15     | Received a gift from Yredelemnul (a flayed ghost)
 25510 | D:15     | Reached skill level 16 in Fighting
 25556 | D:15     | Found a staircase to the Depths.
 25706 | D:15     | Received a gift from Yredelemnul (a vampire)
 26062 | Spider:1 | Entered Level 1 of the Spider Nest
 26188 | Spider:1 | Received a gift from Yredelemnul (a bone dragon)
 26198 | Spider:1 | Reached XP level 16. HP: 142/151 MP: 17/22
 26498 | Spider:1 | Received a gift from Yredelemnul (a vampire)
 27293 | Spider:2 | Received a gift from Yredelemnul (a skeletal warrior)
 27347 | Spider:2 | Received a gift from Yredelemnul (a flayed ghost)
 27398 | Spider:2 | Received a gift from Yredelemnul (a flayed ghost)
 27558 | Spider:2 | You fall into a shaft and drop 1 floor!
 27593 | Spider:3 | Noticed Aizul
 27602 | Spider:3 | Killed Aizul
 28041 | Spider:3 | Received a gift from Yredelemnul (a ghoul)
 28080 | Spider:3 | Received a gift from Yredelemnul (a vampire knight)
 28084 | Spider:3 | Reached skill level 17 in Fighting
 28364 | Spider:3 | Found a transporter.
 28369 | Spider:3 | Noticed Honosyedgha's ghost (adept GrBe)
 29019 | Spider:3 | Found a transporter.
 29516 | Spider:3 | Killed Honosyedgha's ghost
 29537 | Spider:3 | Got a glittering amber ring
 29539 | Spider:3 | Identified the ring "Umoxi" {*Drain rPois rF+ Dex+4} (You
                  | found it on level 3 of the Spider Nest)
 29640 | Spider:4 | Entered Level 4 of the Spider Nest
 29744 | Spider:4 | Received a gift from Yredelemnul (a vampire)
 30366 | Spider:4 | Reached XP level 17. HP: 92/163 MP: 1/24
 30756 | Spider:4 | Got a gossamer rune of Zot
 31444 | Shoals:1 | Entered Level 1 of the Shoals
 31488 | Shoals:1 | Your ally Erolcha died
 31514 | Shoals:1 | Reached skill level 18 in Fighting
 31702 | Shoals:1 | Got a pitted iron ring
 31719 | Shoals:1 | Received a gift from Yredelemnul (a profane servitor)
 31737 | Shoals:1 | Identified the ring "Derown" {rF++ Stlth+} (You found it on
                  | level 1 of the Shoals)
 31780 | Shoals:1 | Found Fununlei's Assorted Antiques.
 32110 | Shoals:1 | Noticed Roxanne
 32127 | Shoals:1 | Killed Roxanne
 32455 | Shoals:2 | Found Luonuf's Gadget Shop.
 32490 | Shoals:2 | Received a gift from Yredelemnul (a vampire knight)
 32493 | Shoals:2 | Reached skill level 10 in Evocations
 32719 | Shoals:2 | Found Yvusmuv's Distillery.
 32817 | Shoals:2 | Found Qyaxzept's Distillery.
 32828 | Shoals:2 | Found Pavyjuez's Antique Armour Shop.
 32828 | Shoals:2 | Found Vapenterph's Antique Weapon Shop.
 33497 | Shoals:3 | Found Cuplameegiq's Book Emporium.
 33791 | Shoals:4 | Entered Level 4 of the Shoals
 33875 | Shoals:4 | Received a gift from Yredelemnul (a phantasmal warrior)
 34490 | Shoals:4 | Noticed Ilsuiw
 34509 | Shoals:4 | Received a gift from Yredelemnul (a profane servitor)
 34523 | Shoals:4 | Killed Ilsuiw
 34905 | Shoals:4 | Received a gift from Yredelemnul (a vampire)
 34921 | Shoals:4 | Got a barnacled rune of Zot
 35300 | Vaults:1 | Entered Level 1 of the Vaults
 35339 | Vaults:1 | Reached skill level 19 in Fighting
 35353 | Vaults:1 | Received a gift from Yredelemnul (a vampire knight)
 35353 | Vaults:1 | Received a gift from Yredelemnul (a bone dragon)
 35545 | Vaults:1 | Reached XP level 18. HP: 176/176 MP: 26/26
 35758 | Vaults:1 | You fall into a shaft and drop 1 floor!
 36040 | Vaults:1 | Noticed Saint Roka
 36051 | Vaults:1 | Killed Saint Roka
 36051 | Vaults:1 | Enslaved Saint Roka
 36279 | Vaults:1 | Received a gift from Yredelemnul (a skeletal warrior)
 36917 | Vaults:2 | Noticed Nikola
 36925 | Vaults:2 | Killed Nikola
 37091 | Vaults:2 | Found a staircase to the Crypt.
 37988 | Vaults:2 | Received a gift from Yredelemnul (a vampire)
 38124 | Vaults:3 | Identified 2 scrolls of acquirement
 38244 | Vaults:3 | Reached skill level 15 in Shields
 38246 | Vaults:3 | Reached skill level 15 in Armour
 38249 | Vaults:3 | Received a gift from Yredelemnul (a phantasmal warrior)
 38274 | Vaults:3 | Received a gift from Yredelemnul (a ghoul)
 38524 | Vaults:3 | Reached skill level 20 in Fighting
 38941 | Vaults:3 | Received a gift from Yredelemnul (a flayed ghost)
 39213 | Vaults:3 | Found Adizomm's Magic Scroll Shoppe.
 39558 | Vaults:4 | Reached XP level 19. HP: 180/187 MP: 27/27
 39561 | Vaults:4 | Received a gift from Yredelemnul (a vampire knight)
 39983 | Vaults:4 | Noticed Margery
 39994 | Vaults:4 | Noticed Boris
 39995 | Vaults:4 | Killed Margery
 40005 | Vaults:4 | Killed Boris
 40552 | Vaults:4 | Received a gift from Yredelemnul (a vampire)
 40604 | Vaults:4 | Reached skill level 21 in Fighting
 41654 | Depths:1 | Entered Level 1 of the Depths
 41711 | Depths:1 | Found a gateway to a ziggurat.
 42159 | Depths:1 | Received a gift from Yredelemnul (a skeletal warrior)
 42227 | Depths:1 | Got an ichor-stained cloak
 42238 | Depths:1 | Identified the +3 cloak of Vexation {rN+} (You found it on
                  | level 1 of the Depths)
 42470 | Depths:1 | Found a gateway to Hell.
 42676 | Depths:2 | Found the +3 pair of gauntlets of War {Slay+5}
 42904 | Depths:2 | Found a shattered altar of Ashenzari.
 42981 | Depths:2 | Reached XP level 20. HP: 198/198 MP: 29/29
 43127 | Depths:2 | Found a blossoming altar of Fedhas.
 43160 | Depths:2 | Found a blossoming altar of Fedhas.
 43173 | Depths:2 | Found a one-way gate to the infinite horrors of the Abyss.
 43263 | Depths:2 | Found a basalt altar of Yredelemnul.
 43265 | Depths:2 | Found a glowing golden altar of the Shining One.
 43281 | Depths:2 | Got a pair of heavily runed gloves
 43287 | Depths:2 | Identified the cursed +0 pair of gloves of the Unseen Realm
                  | {rN+ MR+ Str+3} (You found it on level 2 of the Depths)
 43485 | Depths:2 | Received a gift from Yredelemnul (a phantasmal warrior)
 44081 | Depths:3 | Reached skill level 22 in Fighting
 44175 | Depths:3 | Found Ynnewnoc's Distillery.
 44179 | Depths:3 | Received a gift from Yredelemnul (a flayed ghost)
 44213 | Depths:3 | Received a gift from Yredelemnul (a profane servitor)
 44266 | Depths:3 | Bought 2 potions of haste for 320 gold pieces
 44417 | Depths:3 | Noticed the Enchantress
 44423 | Depths:3 | Received a gift from Yredelemnul (a bone dragon)
 44431 | Depths:3 | Killed the Enchantress
 45065 | Depths:3 | Got a smoking wooden ring
 45069 | Depths:3 | Identified the ring "Zaegocal" {*Tele rF+} (You found it on
                  | level 3 of the Depths)
 45111 | Depths:3 | Received a gift from Yredelemnul (a vampire knight)
 45556 | Depths:4 | Reached XP level 21. HP: 209/209 MP: 30/30
 45781 | Depths:4 | Received a gift from Yredelemnul (a ghoul)
 45997 | Depths:4 | Found Jeif's Jewellery Emporium.
 46358 | Depths:4 | Bought the ring of Doinkaug {-Tele rPois MR+++ rCorr Str+3}
                  | for 560 gold pieces
 46424 | Depths:4 | Found Udastoz's Antique Armour Shoppe.
 46450 | Depths:4 | Found a runed translucent gate.
 46451 | Depths:4 | Found a runed translucent gate.
 46452 | Depths:4 | Found a runed translucent gate.
 46452 | Depths:4 | Noticed Polaczum's ghost (adept TrMo)
 46455 | Depths:4 | Noticed Janeylunn's ghost (veteran GnWn)
 46840 | Depths:4 | Reached skill level 23 in Fighting
 47316 | Depths:5 | Entered Level 5 of the Depths
 47700 | Depths:5 | Noticed a golden dragon
 47988 | Depths:5 | Your ally Saint Roka died
 47992 | Depths:5 | Reached skill level 15 in Invocations
 47992 | Depths:5 | Received a gift from Yredelemnul (a flayed ghost)
 48000 | Depths:5 | Killed a golden dragon
 48256 | Depths:5 | Found a gate to the Realm of Zot.
 48632 | Depths:5 | Received a gift from Yredelemnul (a skeletal warrior)
 48796 | Depths:4 | Killed from afar by a quicksilver dragon

Levels and vault maps discovered:
D:1:      psy_arrival_conway, layout_basic, hangedman_decor_opposing,
          minmay_ruptured
D:2:      layout_loops_corners, overflow_temple_1_default
D:3:      minmay_evil_eye, layout_basic, uniq_jessica
D:4:      layout_loops_ring, first_ration, serial_shops, shop
D:5:      layout_gridville, gammafunk_ghost_necromancy, serial_shops,
          nicolae_shop_stone, uniq_edmund, uniq_menkaure, uniq_eustachio,
          uniq_grinder
D:6:      layout_loops_corners, grunt_gozag_breadcrumbs,
          minmay_temple_entry_butterflies, uniq_sigmund
D:7:      layout_basic, amethyst_overflow_temple_binary, serial_shops,
          nicolae_shop_trees, uniq_pikel
D:8:      layout_loops_cross, chequers_temple_overflow_statue_of_worship,
          biasface_ghost_orc_armoury
D:9:      layout_long_grid, okawaru_ov_weapons_minmay, gammafunk_ghost_smash,
          blue_anna_alchemist [blue_anna_fruit_fields, blue_anna_fruit_fields],
          nrook_pool_corridor, nemelex_lonely_heart_becter
D:10:     layout_rooms, serial_shops, shop, nicolae_shop_trees,
          nicolae_shop_waterfront
D:11:     layout_big_octagon, due_lair_maze_entry_diamond, serial_park,
          serial_shops, shop
D:12:     layout_rooms, kennysheep_orc_monster_closet_entryway, serial_shops,
          kennysheep_little_box, kennysheep_nondescript
D:13:     layout_gridville, ximxim_vaults_locker_room, serial_shops, shop,
          minmay_guarded_unrand_skullcrusher, uniq_urug
D:14:     layout_gridville, special_room [special_room_orc], kennysheep_boxes,
          uniq_josephine
D:15:     hangedman_depths_entry_civil_slaughter, layout_basic,
          hangedman_decor_points
Lair:1:   layout_gridlike, ebering_ghost_reflecting_pool,
          dpeg_stationary_puzzle, uniq_gastronok, uniq_harold
Lair:2:   layout_layer_cave, spider_nest_entry_web_field,
          minmay_lair_oklob_bushes
Lair:3:   layout_hall_layers, basic_altar, pf_torpor_hydra, serial_bayou_shore_b
Lair:4:   layout_concentric_octagons, minmay_shoals_entry_hut,
          hellmonk_ghost_happy_afterlife, infiniplex_staircase_pool_2
Lair:5:   layout_long_grid
Lair:6:   grunt_lair_end_beastmaster, layout_small_grid, slime_dummy,
          minmay_shattered_shrine
Shoals:1: layout_shoals, serial_shops, shop, uniq_roxanne
Shoals:2: layout_shoals, serial_shops, nicolae_shop_stone, shop,
          nicolae_shop_waterfront, shop_statue, shop_fountains
Shoals:3: layout_shoals, serial_shops, shop, nicolae_shoals_so_close
Shoals:4: shoals_end_grunt_ice, layout_shoals, shoals_ilsuiw_alternative
Spider:1: layout_chambers, spiders_nest_spider_trap
Spider:2: layout_spider_delve, nicolae_orb_stairs
Spider:3: layout_chambers, gammafunk_ghost_berserking_beasts, minivault_29,
          uniq_aizul
Spider:4: spider_rune_water, drop_trap
Orc:1:    layout_caves, trog_book
Orc:2:    pf_orc_diabolical, layout_diamond_mine, gauntlet_entry_generic,
          uniq_erolcha
Vaults:1: hangedman_vaults_slither, grunt_vaults_diagonal,
          nicolae_vaults_asterisk, hangedman_vaults_restitches,
          nicolae_vaults_asterisk, kb_rosetta,
          nicolae_vaults_network_quinsquares
          [nicolae_vaults_network_quincunx_subvault,
          nicolae_vaults_network_quincunx_subvault,
          nicolae_vaults_network_quincunx_subvault,
          nicolae_vaults_network_quincunx_subvault], hangedman_vaults_trim,
          ontoclasm_vaults_gateway, layout_vaults_omnigrid, uniq_saint_roka
Vaults:2: minmay_crypt_entry_nasty_monster, vaults_mumra_lcd, v_pattern_5,
          nicolae_vaults_network_barrier, vaults_dpeg_hooks,
          ontoclasm_vaults_spin, v_misc_22, hangedman_vaults_stagger,
          special_room_vaults [special_room_orc], vaults_room_grid,
          vaults_dpeg_encased_lava, layout_vaults_omnibox, uniq_nikola
Vaults:3: nicolae_vaults_theta, nicolae_vaults_fighting_squares,
          hangedman_vaults_nails, nicolae_vaults_specimen_jars, v_misc_11,
          nicolae_vaults_little_squares_3, vaults_room_octagon,
          nicolae_vaults_alarming, hangedman_vaults_maws, vaults_dpeg_ring,
          hangedman_vaults_stretched_pinwheel, nicolae_vaults_ring_of_whatevers,
          layout_vaults_big_room, serial_shops, nicolae_shop_window_shopping
Vaults:4: v_rooms_4, nicolae_vaults_disjoint_gnomons,
          vaults_room_grunt_arrival_checkpoint, vaults_room_stairs_pillars,
          vaults_dpeg_diagonal, ontoclasm_vaults_ring_small, vaults_dpeg_doors,
          hangedman_vaults_slice, ontoclasm_vaults_loading_screen,
          ontoclasm_vaults_misaligned, v_misc_9,
          nicolae_vaults_little_squares_6, vaults_room_hallway,
          nicolae_vaults_mini_display_case, layout_vaults_omnicross, uniq_boris,
          uniq_margery
Depths:1: layout_gridville, enter_ziggurat_b, chequers_hall_statues_y,
          hangedman_coc_ice_floe, glass_columns_a, serial_bayou_pond_e,
          grunt_decor_fettered, minivault_10, minmay_misc_feat_cross,
          serial_bayou_pond_d, grunt_decor_resistance, grunt_decor_mini_mirrors,
          grunt_ministairs_9, chequers_serial_rivers_room_a
Depths:2: minmay_the_grid_octo_tiled_squarecenter [minmay_the_grid_octo_clover,
          minmay_the_grid_octo_focus, minmay_the_grid_octo_checkered,
          minmay_the_grid_octo_shrine,
          minmay_the_grid_square_5x5_megaprize_open,
          minmay_the_grid_square_5x5_comb, minmay_the_grid_square_5x5_gyroscope,
          minmay_the_grid_square_5x5_sharp_hourglass,
          minmay_the_grid_square_5x5_mess], layout_gridville, hell_entry,
          nicolae_two_hexagons, abyss_entry, drop_trap, ashenzari_altar_1,
          minmay_staircase_statues_hall_small
Depths:3: grunt_forest_end_chambers, layout_long_grid, serial_shops, shop,
          pan_entry, hell_entry
Depths:4: minmay_connected_triangles_in_corner, layout_gridlike, serial_shops,
          shop, shop, gammafunk_ghost_cemetery, abyss_entry,
          grunt_hell_entry_dis_old, grunt_pan_entry_sceptre,
          serial_sigils_hangedman_shear, chequers_serial_rivers_small_3
Depths:5: grunt_twist_and_shout, layout_cave_pools, serial_shops,
          bzr_in_the_mist, hell_entry, infiniplex_enter_wizlab_glasses,
          uniq_enchantress

Skill      XL: |  1  2  3  4  5  6  7  8  9 10 11 12 13 14 15 16 17 18 19 20 21 |
---------------+----------------------------------------------------------------+-----
Axes           | 4 5 6 7 9 10 11 12 13 14 15 16 17 18 | 18.0
Fighting       | 3 4 6 7 9 10 12 13 15 16 17 19 20 21 22 23 | 23.4
Armour         | 1 2 3 5 6 7 8 9 10 11 12 13 14 15 16 17 | 17.8
Shields        | 1 2 3 5 6 7 8 9 10 11 12 13 14 15 16 17 | 17.8
Invocations    | 1 3 4 5 6 7 8 9 10 11 12 13 14 15 | 15.2
Evocations     | 2 4 5 6 7 8 9 10 11 12 13 | 13.5
Throwing       | |  2.3
Dodging        | |  3.5

Action                   |  1- 3 |  4- 6 |  7- 9 | 10-12 | 13-15 | 16-18 | 19-21 || total
-------------------------+-------+-------+-------+-------+-------+-------+-------++-------
Melee: War axe           |    57 |    78 |   260 |   398 |       |       |       ||   793
       Headbutt          |     8 |    16 |    52 |   144 |   227 |   292 |   292 ||  1031
       Broad axe         |       |       |       |   239 |   811 |  1035 |   945 ||  3030
       Flail             |       |       |       |       |    84 |       |       ||    84
Throw: Throwing net      |       |       |     1 |       |       |       |       ||     1
Invok: Animate Remains   |       |     3 |    29 |     2 |       |       |       ||    34
       Injury Mirror     |       |       |     1 |       |       |       |       ||     1
       Animate Dead      |       |       |       |    38 |    84 |   101 |    64 ||   287
       Drain Life        |       |       |       |       |     4 |     1 |     1 ||     6
       Recall Undead Sla |       |       |       |       |    12 |    20 |    11 ||    43
       Enslave Soul      |       |       |       |       |     2 |     1 |       ||     3
Evoke: Wand              |       |       |     6 |     6 |       |     2 |     3 ||    17
  Use: Scroll            |       |       |    16 |    10 |     8 |     8 |     4 ||    46
       Potion            |       |       |       |     3 |     3 |     4 |     3 ||    13
 Stab: Paralysed         |       |       |     6 |     9 |       |     2 |    10 ||    27
       Distracted        |       |       |       |     9 |    10 |    31 |    12 ||    62
       Confused          |       |       |       |       |     1 |     1 |       ||     2
  Eat: Chunk             |     3 |     2 |    18 |    28 |    21 |    22 |    13 ||   107
       Ration            |       |     1 |     3 |     2 |    11 |    16 |    11 ||    44
Armor: Leather armour    |     6 |    16 |    39 |       |       |       |       ||    61
       Chain mail        |       |       |    29 |    45 |       |       |       ||    74
       Plate armour      |       |       |       |   191 |    13 |       |       ||   204
       Gold dragon scale |       |       |       |       |   502 |   495 |   480 ||  1477
Dodge: Dodged            |    49 |    38 |   110 |    61 |    83 |    93 |   119 ||   553
Block: Large shield      |       |       |    59 |   448 |   796 |   876 |   898 ||  3077
